AoeStats
← [NICE_ASS] BigMasi

Golden Pit

507142625Analyzed
1v1 RM · 16d ago on Sep 16, 2026· 34m 23s· 2 players
Game mode
Random Map
Map size
Tiny (2 player)
Population
200
Speed
Normal
Resources
Standard
Victory
Conquest
Starting age
Dark Age
Ending age
Imperial Age
RankedLock teamsTeams togetherTeam positionsShared explorationLock speedFull tech treeHidden civsTurbo modeCheats
Victory
Defeat
🇩🇪 Huns · Germany
1301
+14
🇨🇭 Koreans · Switzerland
1257
-14
Tewenwar
6:33 Loom
9:26 Feudal Age
10:11 Double-Bit Axe
10:07 Horse Collar
16:13 Wheelbarrow
17:14 Scale Barding Armor
19:30 Castle Age
18:09 Forging
18:28 Bloodlines
21:00 Chain Barding Armor
21:16 Iron Casting
20:53 Husbandry
25:12 Light Cavalry
[NICE_ASS] BigMasi
8:08 Loom
10:49 Feudal Age
11:52 Double-Bit Axe
12:03 Horse Collar
19:45 Castle Age
17:49 Fletching
18:18 Stone Mining
20:04 Wheelbarrow
21:04 Gold Mining
28:26 Scale Mail Armor
Connection lost

Rejoining the realm…

Still unreachable

The connection could not be restored.

Session expired

The server has moved on; the page needs a fresh start.